 Dungeon Sprint DCSS version 0.24-a0-613-g1ff6aac (webtiles) character file.

Game seed: 15948661032008852409, levelgen mode: deterministic

847 schets the Fighter (level 8, 0/104 HPs)
             Began as an Ogre Berserker on Sept 10, 2019.
             Was an Elder of Trog.
             Slain by an iron imp (7 damage)
             ... summoned by a neqoxec
             ... in the Dungeon (Sprint II: "The Violet Keep of Menkaure").
             The game lasted 00:00:49 (488 turns).

schets the Fighter (Ogre Berserker)                  Turns: 488, Time: 00:00:50

Health: 0/104      AC:  3    Str: 24      XL:     8   Next: 0%
Magic:  8/8        EV: 10    Int:  7 (8)  God:    Trog [****..]
Gold:   486        SH:  0    Dex:  8      Spells: 7/7 levels left

rFire    . . .     SeeInvis .   a - +0 mace
rCold    . . .     Gourm    .   (no shield)
rNeg     . . .     Faith    .   b - +0 animal skin
rPois    .         Spirit   .   (helmet restricted)
rElec    .         Reflect  .   (no cloak)
rCorr    .         Harm     .   (gloves unavailable)
MR       .....     NoTele   +   (boots unavailable)
Stlth    +.........             (no amulet)
HPRegen  0.27/turn              (no ring)
MPRegen  0.11/turn              (no ring)

@: berserk cooldown, slowed, very slow
A: large, unfitting armour, tough skin 1, no potion heal 1
a: Berserk, Trog's Hand, Brothers in Arms, Renounce Religion


You were in the Dungeon.
You worshipped Trog.
Trog was greatly pleased with you.
You were not hungry.

You visited 1 branch You collected 486 gold pieces.

Inventory:

Hand Weapons
 a - a +0 mace (weapon)
Armour
 b - a +0 animal skin (worn)
Scrolls
 i - a scroll of blinking
Potions
 d - a potion of curing
 e - a potion of heal wounds
 f - a potion of haste
 g - 2 potions of magic
 h - a potion of berserk rage


   Skills:
 * Level 13.9 Fighting
 * Level 10.2 Maces & Flails
 + Level 7.5 Throwing
 - Level 2.6 Dodging


You had 7 spell levels left.
You didn't know any spells.
Your spell library was empty.

Dungeon Overview and Level Annotations

Branches:
Dungeon (1/1)

Altars:


Innate Abilities, Weirdness & Mutations

You are too large for most types of armour.
You have tough skin. (AC +1)
Potions are less effective at restoring your health.


Message History

The neqoxec barely misses you. The shadow imp completely misses you.
The iron imp closely misses you.
You hit the neqoxec but do no damage.
The neqoxec is almost dead.
The neqoxec hits you. The shadow imp gestures at you.
You struggle to resist.
The neqoxec hits you. The iron imp hits you.
You hit the neqoxec but do no damage.
The neqoxec is almost dead.
The shadow imp disappears in a puff of smoke!
The neqoxec hits you!
* * * LOW HITPOINT WARNING * * *
The iron imp hits you.
* * * LOW HITPOINT WARNING * * *
You hit the neqoxec.
The neqoxec is almost dead.
The neqoxec hits you!
* * * LOW HITPOINT WARNING * * *
The iron imp hits you!
You die...

##≈≈#+++#+++##
#≈≈≈.........#
#≈≈≈≈.##+##..#
#≈≈≈≈ #.#.##
#≈≈≈ #.##..#
#≈≈#####..####
#≈##.###'###.#
# #...##.##5.#
+##†'.<(@3#
#...##.##§#
##.###+# #.#
### ##


You could see a neqoxec and an iron imp.

Vanquished Creatures
  3 neqoxecs (D)
  Menkaure (D)
  4 necrophages (D)
  3 worms (D)
11 creatures vanquished.

Vanquished Creatures (others)
  A crocodile (D)
1 creature vanquished.

Grand Total: 12 creatures vanquished

Notes
Turn   | Place    | Note
-------+----------+-------------------------------------------
     0 | D        | schets the Ogre Berserker began the quest for the Orb.
     0 | D        | Reached XP level 1. HP: 24/24 MP: 1/1
     6 | D        | Reached skill level 1 in Throwing
     9 | D        | Reached skill level 5 in Fighting
     9 | D        | Reached XP level 2. HP: 35/35 MP: 2/2
    25 | D        | Killed a crocodile
    63 | D        | Noticed an orange crystal statue
    73 | D        | Reached ** piety under Trog
    75 | D        | Noticed Menkaure
    81 | D        | Killed Menkaure
    81 | D        | Reached skill level 9 in Fighting
    81 | D        | Reached XP level 3. HP: 17/50 MP: 3/3
    81 | D        | Reached XP level 4. HP: 20/59 MP: 4/4
    81 | D        | Reached XP level 5. HP: 23/67 MP: 5/5
   321 | D        | Noticed a necrophage
   321 | D        | Noticed a necrophage
   321 | D        | Noticed a necrophage
   321 | D        | Noticed a necrophage
   323 | D        | Killed a necrophage
   323 | D        | Reached skill level 10 in Fighting
   323 | D        | Reached skill level 5 in Throwing
   327 | D        | Killed a necrophage
   327 | D        | Reached *** piety under Trog
   327 | D        | Reached skill level 11 in Fighting
   327 | D        | Reached XP level 6. HP: 80/80 MP: 6/6
   333 | D        | Killed a necrophage
   339 | D        | Killed a necrophage
   339 | D        | Reached skill level 12 in Fighting
   339 | D        | Reached XP level 7. HP: 92/92 MP: 7/7
   455 | D        | Noticed a neqoxec
   455 | D        | Noticed a neqoxec
   455 | D        | Noticed a neqoxec
   455 | D        | Noticed a neqoxec
   460 | D        | Killed a neqoxec
   460 | D        | Reached skill level 13 in Fighting
   464 | D        | Killed a neqoxec
   464 | D        | Reached **** piety under Trog
   470 | D        | Killed a neqoxec
   470 | D        | Received a gift from Trog
   470 | D        | Reached skill level 10 in Maces & Flails
   470 | D        | Reached XP level 8. HP: 104/104 MP: 8/8
   475 | D        | Gained mutation: Potions are less effective at restoring
                  | your health. [a neqoxec]
   488 | D        | Slain by an iron imp

Levels and vault maps discovered:
D:        the_violet_keep_of_menkaure [sprint2_stairs_cluster_1,
          sprint2_shoproom, sprint2_temple, sprint2_basic_supplies,
          sprint2_obstacle_6, sprint2_obstacle_7, sprint2_obstacle_4,
          sprint2_obstacle_3, sprint2_obstacle_5, sprint2_timed_cluster_1,
          sprint2_smallroom_cluster_1, sprint2_smallroom_final_cluster_1,
          sprint2_transparent_cluster_1, sprint2_second_timed_cluster_1,
          sprint2_sniper_area_1, sprint2_heavy_combat_area_1,
          sprint2_mutation_trap_area_1, sprint2_forest_area_1,
          sprint2_light_combat_area_1, sprint2_behind_water_1,
          sprint2_near_end_vault_1]

Skill      XL: |  1  2  3  4  5  6  7 |
---------------+----------------------+-----
Maces & Flails | 3 6 8 9 10 | 10.2
Throwing       | 1 4 5 6 7 |  7.5
Fighting       | 5 9 11 12 13 | 13.9
Dodging        | |  2.6

Action                   |  1- 3 |  4- 6 |  7- 9 || total
-------------------------+-------+-------+-------++-------
Melee: Mace              |    16 |    16 |    30 ||    62
Invok: Berserk           |     2 |     1 |     1 ||     4
  Eat: Ration            |       |       |     1 ||     1
Armor: Animal skin       |     2 |     1 |     1 ||     4
Dodge: Dodged            |     4 |     6 |    11 ||    21

Table legend:
 A = Non-vault XP
 B = Vault XP
 C = Vault XP percentage of total XP
 D = Non-vault monster count
 E = Vault monster count
 F = Vault count percentage of total count
                 A         B        C        D         E       F
            +---------+---------+-------+---------+---------+-------
      Total |       0 |    1210 | 100.0 |       0 |      11 | 100.0
            +---------+---------+-------+---------+---------+-------
          D |       0 |    1210 | 100.0 |       0 |      11 | 100.0
            +---------+---------+-------+---------+---------+-------
